Moose vs Rocket (R1)

Created - October 13, 2023 at 20:35

Goals
1 2 3 OT1 SO T
Moose 2 2 1 0 2 6
Rocket 2 3 0 0 1 5
Shots
1 2 3 OT1 SO T
Moose 10 9 9 0 3 28
Rocket 8 19 5 2 3 34

1st period

1. Rocket , Karson Kuhlman 1 (Viktor Loov 1, Jakob Lilja 1) at 5:42
2. Moose , Dylan Strome 1 (Nathan Walker 1, Matthew Benning 1) at 7:35
3. Moose , Nathan Walker 2 (Dylan Strome 3) at 17:05
4. Rocket , Sergey Tolchinsky 1 (Peter Holland 1, Dylan DeMelo 1) at 19:29

Penalties :
Viktor Loov (Lav) for Tripping (Minor) at 3:07, Brandon Pirri (Lav) for Tripping (Minor) at 9:40

2nd period

5. Moose , Vinni Lettieri 2 (Nikolay Goldobin 4, Michael McLeod 3) at 1:19
6. Moose , Mathieu Joseph 1 (Dylan Strome 4, Nathan Walker 2) at 6:30
7. Rocket , Adam Gaudette 1 (Dominic Turgeon 1) at 6:50 (PP)
8. Rocket , Branden Troock 1 (Jack Glover 1, Francis Perron 1) at 15:41
9. Rocket , Sergey Tolchinsky 2 (Andrey Pedan 1) at 16:35

Penalties :
Erik Cernak (Man) for Hooking (Minor) at 6:47, Viktor Loov (Lav) for Tripping (Minor) at 7:14, Caleb Jones (Man) for Tripping (Minor) at 12:56, Mathieu Joseph (Man) for Slashing (Minor) at 16:38

3rd period

10. Moose , Dylan Strome 2 (Nathan Walker 3, Mathieu Joseph 4) at 0:09

Penalties :
Ludwig Bystrom (Man) for Cross-checking (Minor) at 1:26, Sergey Tolchinsky (Lav) for Hooking (Minor) at 9:29, Scott Wilson (Lav) for Hooking (Minor) at 13:26, Erik Cernak (Man) for Tripping (Minor) at 15:48, JC Lipon (Lav) for Hooking (Minor) at 17:58

Overtime #1

No Goal

Penalties :
No Penalty

Shootout

Moose, Nathan Walker - Stopped by Jamie Phillips
Rocket, Adam Gaudette - Shot Misses the Net
Moose, Mathieu Joseph - Goal!
Rocket, Brandon Pirri - Goal!
Moose, Nikolay Goldobin - Goal!
Rocket, Scott Wilson - Stopped by Filip Gustavsson

Penalties :
No Penalty

Goalie Stats

Filip Gustavsson (Man), 29 saves from 34 shots - (0.853), W, 2-0-0, 65:00 minutes
Eamon McAdam (Lav), 12 saves from 16 shots - (0.750), 26:30 minutes
Jamie Phillips (Lav), 11 saves from 12 shots - (0.917), OTL, 0-0-1, 38:30 minutes

Players Stats for Moose

Player Name              G  A  P  +/- PIM S  H  SB GA TA FO     MP     PP MP  PK MP  
------------------------------------------------------------------------------------
Boris Katchouk           0  0  0  -1  0   2  1  0  0  0  0/0     9:04   0:47   0:00 
Caleb Jones              0  0  0  -3  2   0  1  0  0  0  0/0    20:55   4:07   2:51 
Chase De Leo             0  0  0  -1  0   0  0  0  0  0  1/1    10:16   1:07   0:00 
Dylan Strome             2  2  4   4  0   3  3  1  0  1  25/36  25:14   5:18   4:32 
Erik Cernak              0  0  0   2  4   0  1  2  0  0  0/0    29:52   6:10   4:01 
Jake Leschyshyn          0  0  0  -2  0   0  1  0  0  0  0/1     9:50   0:22   1:33 
Josh Mahura              0  0  0  -1  0   0  0  2  0  0  0/0    15:04   0:00   1:39 
Julien Gauthier          0  0  0  -1  0   0  2  0  0  1  0/0     8:42   0:36   0:00 
Juuso Valimaki           0  0  0   1  0   0  0  1  0  1  0/0     6:56   1:37   0:00 
Kieffer Bellows          0  0  0  -2  0   0  0  0  0  0  0/0     7:05   0:00   0:00 
Ludwig Bystrom           0  0  0   3  2   5  1  4  1  2  0/0    29:14   6:06   4:16 
Mathieu Joseph           1  1  2   4  2   3  1  1  1  0  0/0    21:29   5:11   0:00 
Matthew Benning          0  1  1   0  0   0  2  1  0  0  0/0    21:56   5:48   3:01 
Max Jones                0  0  0  -2  0   0  1  0  0  0  0/0     7:05   0:00   0:00 
Michael McLeod           0  1  1   0  0   3  3  0  0  0  11/21  19:53   5:49   2:15 
Nathan Walker            1  3  4   4  0   7  1  0  2  1  2/3    25:21   5:03   4:33 
Nikolay Goldobin         0  1  1   0  0   3  3  2  0  0  0/2    20:51   5:40   3:05 
Vinni Lettieri           1  0  1   0  0   2  6  0  0  0  0/0    18:09   5:49   0:10 

Players Stats for Rocket

Player Name              G  A  P  +/- PIM S  H  SB GA TA FO     MP     PP MP  PK MP  
------------------------------------------------------------------------------------
Adam Gaudette            1  0  1  -2  0   7  0  1  3  1  0/2    19:51   4:32   0:00 
Andrei Mironov           0  0  0   1  0   1  2  4  0  0  0/0    21:03   2:46   6:20 
Andrey Pedan             0  1  1   1  0   0  1  1  1  0  0/0    22:07   2:46   5:23 
Branden Troock           1  0  1   0  0   1  0  1  0  0  0/0     6:15   0:00   0:00 
Brandon Pirri            0  0  0  -2  2   7  3  0  1  0  1/4    24:44   4:32   4:28 
Dean Kukan               0  0  0  -4  0   1  2  3  0  0  0/0    30:00   5:13   6:31 
Dominic Turgeon          0  1  1  -2  0   2  1  0  0  1  12/32  25:10   4:32   5:37 
Dylan DeMelo             0  1  1   2  0   0  0  0  0  1  0/0    13:41   0:00   1:30 
Francis Perron           0  1  1   0  0   2  1  0  0  0  0/0    10:54   0:00   3:32 
Jack Glover              0  1  1   2  0   0  0  1  0  0  0/0    11:31   0:00   0:00 
Jakob Lilja              0  1  1   0  0   0  1  0  0  0  0/0     9:13   0:00   0:55 
JC Lipon                 0  0  0   0  2   0  2  1  0  0  0/0     8:19   0:00   0:00 
Karson Kuhlman           1  0  1   0  0   2  0  1  0  1  2/5    11:00   0:00   1:15 
Luke Kunin               0  0  0   0  0   0  2  0  0  0  0/2     6:15   0:00   0:00 
Peter Holland            0  1  1   1  0   5  2  0  1  0  7/16   21:38   3:27   5:29 
Scott Wilson             0  0  0   1  2   0  4  0  0  0  0/0    15:54   3:27   0:00 
Sergey Tolchinsky        2  0  2   1  2   4  0  1  0  0  3/3    17:45   3:27   2:32 
Viktor Loov              0  1  1  -4  4   2  5  1  0  0  0/0    27:40   5:13   4:04 

3 Stars

1 - Dylan Strome (Man)
2 - Nathan Walker (Man)
3 - Mathieu Joseph (Man)

Power Play

Moose - 0 on 6 Attempt(s) - 0.00%
Rocket - 1 on 5 Attempt(s) - 20.00%

Penalty Kill

Moose - 4 on 5 Attempt(s) - 80.00% - Score 0 goal in Penalty Kill
Rocket - 6 on 6 Attempt(s) - 100.00% - Score 0 goal in Penalty Kill

Team Stat

Moose - Hits : 27 - Faceoff Wins : 39 - Blocked Shots : 14 - Penalty Minutes : 10
Rocket - Hits : 26 - Faceoff Wins : 25 - Blocked Shots : 15 - Penalty Minutes : 12

Official

Referees : Furman South and Wes McCauley
Linesman : Matt MacPherson and Libor Suchanek

Game Notes

Juuso Valimaki is injured at 2:37 of 2nd period (Lacerated Right Calf)
Jamie Phillips enters game at 6:30 of 2nd period

Finance

Level 1 -- Attendance: 1978 (98.90%) -- Ticket Income $138,460
Level 2 -- Attendance: 982 (98.20%) -- Ticket Income $39,280
Total Attendance: 2960 (98.67%)
Total Ticket Income: $177,740
Other Income: $8,887
Total Income: $186,627

Moose

5 vs 5 Forward 
   Center                   Left Wing                Right Wing               Time % Phy DF OF 
 1 Dylan Strome             Nathan Walker            Mathieu Joseph           40     1   2  2  
 2 Michael McLeod           Nikolay Goldobin         Vinni Lettieri           30     1   2  2  
 3 Chase De Leo             Boris Katchouk           Julien Gauthier          15     1   2  2  
 4 Jake Leschyshyn          Max Jones                Kieffer Bellows          15     1   2  2  

5 vs 5 Defense 
   Defense                  Defense                                           Time % Phy DF OF 
 1 Erik Cernak              Ludwig Bystrom                                    40     1   2  2  
 2 Matthew Benning          Juuso Valimaki                                    30     1   2  2  
 3 Caleb Jones              Josh Mahura                                       20     1   2  2  
 4 Erik Cernak              Ludwig Bystrom                                    10     1   2  2  

PowerPlay Forward 
   Center                   Left Wing                Right Wing               Time % Phy DF OF 
 1 Dylan Strome             Nathan Walker            Mathieu Joseph           60     1   2  2  
 2 Michael McLeod           Nikolay Goldobin         Vinni Lettieri           40     1   2  2  

PowerPlay Defense
   Defense                  Defense                                           Time % Phy DF OF 
 1 Erik Cernak              Ludwig Bystrom                                    60     1   2  2  
 2 Matthew Benning          Juuso Valimaki                                    40     1   2  2  

Penalty Kill 4 Players Forward 
   Center                   Wing                     Time % Phy DF OF 
 1 Dylan Strome             Nathan Walker            60     1   2  2  
 2 Michael McLeod           Nikolay Goldobin         40     1   2  2  

Penalty Kill 4 Players Defense
   Defense                  Defense                  Time % Phy DF OF 
 1 Erik Cernak              Ludwig Bystrom           60     1   2  2  
 2 Matthew Benning          Juuso Valimaki           40     1   2  2  

Penalty Kill - 3 Players Forward 
   Forward                                           Time % Phy DF OF 
 1 Dylan Strome                                      60     1   2  2  
 2 Michael McLeod                                    40     1   2  2  

Penalty Kill - 3 Players Defense
   Defense                  Defense                  Time % Phy DF OF 
 1 Erik Cernak              Ludwig Bystrom           60     1   2  2  
 2 Matthew Benning          Juuso Valimaki           40     1   2  2  

4 vs 4 Forward 
   Center                   Wing                     Time % Phy DF OF 
 1 Dylan Strome             Nathan Walker            60     1   2  2  
 2 Michael McLeod           Nikolay Goldobin         40     1   2  2  

4 vs 4 Defense
   Defense                  Defense                  Time % Phy DF OF 
 1 Erik Cernak              Ludwig Bystrom           60     1   2  2  
 2 Matthew Benning          Juuso Valimaki           40     1   2  2  

Last Minutes Offensive
   Center                   Left Wing                Right Wing               Defense                  Defense                  
   Dylan Strome             Nathan Walker            Mathieu Joseph           Erik Cernak              Ludwig Bystrom           

Last Minutes Defensive
   Center                   Left Wing                Right Wing               Defense                  Defense                  
   Dylan Strome             Nathan Walker            Mathieu Joseph           Erik Cernak              Ludwig Bystrom           

Goaltenders
Starting : Filip Gustavsson         
Backup : Daniel Vladar            

Extra Forwards
Normal : Michael McLeod, Chase De Leo, Vinni Lettieri - PP : Michael McLeod, Chase De Leo - PK : Michael McLeod
Extra Defensemen
Normal : Juuso Valimaki, Caleb Jones, Josh Mahura - PP : Juuso Valimaki - PK : Juuso Valimaki, Caleb Jones
Penalty Shots
Nathan Walker, Mathieu Joseph, Nikolay Goldobin, Dylan Strome, Michael McLeod
Custom OT Lines Forwards
Nathan Walker, Mathieu Joseph, Nikolay Goldobin, Dylan Strome, Michael McLeod, Chase De Leo, Vinni Lettieri, Julien Gauthier, Boris Katchouk, Kieffer Bellows
Custom OT Lines Defensemen
Erik Cernak, Ludwig Bystrom, Matthew Benning, Juuso Valimaki, Caleb Jones

Scratches
Anders Bjork (Healthy), Adam Ruzicka (Healthy), Riley Damiani (Healthy), Alexander Khovanov (Healthy), Urho Vaakanainen (Healthy)
Mitchell Stephens (Healthy), Nelson Nogier (Healthy), Nick Merkley (Healthy), Jonathan Kovacevic (Healthy), Joey Keane (Healthy)
Adam Ginning (Healthy), Jonny Tychonick (Healthy), Tomas Jurco (Healthy), Nathan Bastian (Healthy), William Bitten (Healthy)
Jonatan Berggren (Healthy), Joey Daccord (Healthy), Karel Vejmelka (Healthy)

Rocket

5 vs 5 Forward 
   Center                   Left Wing                Right Wing               Time % Phy DF OF 
 1 Dominic Turgeon          Brandon Pirri            Adam Gaudette            40     0   2  3  
 2 Peter Holland            Sergey Tolchinsky        Scott Wilson             30     0   2  3  
 3 Karson Kuhlman           Jakob Lilja              JC Lipon                 20     0   3  2  
 4 Luke Kunin               Francis Perron           Branden Troock           10     0   3  2  

5 vs 5 Defense 
   Defense                  Defense                                           Time % Phy DF OF 
 1 Dean Kukan               Viktor Loov                                       40     0   2  3  
 2 Andrey Pedan             Andrei Mironov                                    30     0   2  3  
 3 Dylan DeMelo             Jack Glover                                       20     0   3  2  
 4 Dean Kukan               Viktor Loov                                       10     0   1  4  

PowerPlay Forward 
   Center                   Left Wing                Right Wing               Time % Phy DF OF 
 1 Dominic Turgeon          Brandon Pirri            Adam Gaudette            60     0   2  3  
 2 Peter Holland            Sergey Tolchinsky        Scott Wilson             40     0   2  3  

PowerPlay Defense
   Defense                  Defense                                           Time % Phy DF OF 
 1 Dean Kukan               Viktor Loov                                       60     0   2  3  
 2 Andrey Pedan             Andrei Mironov                                    40     0   2  3  

Penalty Kill 4 Players Forward 
   Center                   Wing                     Time % Phy DF OF 
 1 Dominic Turgeon          Brandon Pirri            60     0   4  1  
 2 Peter Holland            Sergey Tolchinsky        40     0   4  1  

Penalty Kill 4 Players Defense
   Defense                  Defense                  Time % Phy DF OF 
 1 Dean Kukan               Viktor Loov              60     0   4  1  
 2 Andrey Pedan             Andrei Mironov           40     0   4  1  

Penalty Kill - 3 Players Forward 
   Forward                                           Time % Phy DF OF 
 1 Dominic Turgeon                                   60     0   5  0  
 2 Peter Holland                                     40     0   5  0  

Penalty Kill - 3 Players Defense
   Defense                  Defense                  Time % Phy DF OF 
 1 Dean Kukan               Viktor Loov              60     0   5  0  
 2 Andrey Pedan             Andrei Mironov           40     0   5  0  

4 vs 4 Forward 
   Center                   Wing                     Time % Phy DF OF 
 1 Dominic Turgeon          Brandon Pirri            60     1   2  2  
 2 Peter Holland            Sergey Tolchinsky        40     1   2  2  

4 vs 4 Defense
   Defense                  Defense                  Time % Phy DF OF 
 1 Dean Kukan               Viktor Loov              60     1   2  2  
 2 Andrey Pedan             Andrei Mironov           40     1   2  2  

Last Minutes Offensive
   Center                   Left Wing                Right Wing               Defense                  Defense                  
   Dominic Turgeon          Brandon Pirri            Adam Gaudette            Dean Kukan               Viktor Loov              

Last Minutes Defensive
   Center                   Left Wing                Right Wing               Defense                  Defense                  
   Dominic Turgeon          Brandon Pirri            Adam Gaudette            Dean Kukan               Viktor Loov              

Goaltenders
Starting : Eamon McAdam             
Backup : Jamie Phillips           

Extra Forwards
Normal : Peter Holland, Sergey Tolchinsky, Karson Kuhlman - PP : Peter Holland, Sergey Tolchinsky - PK : Peter Holland
Extra Defensemen
Normal : Andrei Mironov, Dylan DeMelo, Jack Glover - PP : Andrei Mironov - PK : Andrei Mironov, Dylan DeMelo
Penalty Shots
Adam Gaudette, Brandon Pirri, Scott Wilson, Dominic Turgeon, Peter Holland
Custom OT Lines Forwards
Adam Gaudette, Brandon Pirri, Scott Wilson, Dominic Turgeon, Peter Holland, Sergey Tolchinsky, Karson Kuhlman, Jakob Lilja, JC Lipon, Luke Kunin
Custom OT Lines Defensemen
Dean Kukan, Viktor Loov, Andrey Pedan, Andrei Mironov, Dylan DeMelo

Scratches
Damien Giroux (Healthy), Reese Johnson (Healthy), Jake Pivonka (Healthy), Rasmus Sandin (Healthy), Raphael Bussieres (Healthy)
Ryan Collins (Healthy), Taylor Leier (Healthy), MacKenzie Entwistle (Healthy), Zack MacEwen (Healthy), Mikhail Maltsev (Healthy)
Niklas Nordgren (Healthy), Alexis Gravel (Healthy), Connor Ingram (Healthy)

% Time on Ice - Moose

Lines # - Real PCT - Wanted PCT - Time Play
Normal Forward
1 - 37% - 40% - 14:49
2 - 26% - 30% - 10:24
3 - 19% - 15% - 7:49
4 - 18% - 15% - 7:05
Normal Defense
1 - 39% - 40% - 15:30
2 - 36% - 30% - 14:17
3 - 23% - 20% - 9:15
4 - 3% - 10% - 1:05
PP Forward
1 - 51% - 60% - 6:05
2 - 49% - 40% - 5:49
PP Defense
1 - 51% - 60% - 6:06
2 - 49% - 40% - 5:48
PK Forward
1 - 80% - 60% - 6:21
2 - 20% - 40% - 1:38
PK Defense
1 - 62% - 60% - 4:58
2 - 38% - 40% - 3:01
PK3 Forward
1 - 0% - 60%
2 - 0% - 40%
PK3 Defense
1 - 0% - 60%
2 - 0% - 40%
44 Forward
1 - 0% - 60%
2 - 0% - 40%
44 Defense
1 - 0% - 60%
2 - 0% - 40%
Last Minute Offensive  - 0:00
Last Minute Defensive  - 0:00
Total
Forward - 60:00
Defense - 60:00

% Time on Ice - Rocket

Lines # - Real PCT - Wanted PCT - Time Play
Normal Forward
1 - 37% - 40% - 14:58
2 - 26% - 30% - 10:36
3 - 21% - 20% - 8:18
4 - 16% - 10% - 6:15
Normal Defense
1 - 38% - 40% - 15:19
2 - 29% - 30% - 11:45
3 - 29% - 20% - 11:31
4 - 4% - 10% - 1:32
PP Forward
1 - 57% - 60% - 4:32
2 - 43% - 40% - 3:27
PP Defense
1 - 65% - 60% - 5:13
2 - 35% - 40% - 2:46
PK Forward
1 - 75% - 60% - 8:54
2 - 25% - 40% - 3:00
PK Defense
1 - 63% - 60% - 7:28
2 - 37% - 40% - 4:26
PK3 Forward
1 - 0% - 60%
2 - 0% - 40%
PK3 Defense
1 - 0% - 60%
2 - 0% - 40%
44 Forward
1 - 0% - 60%
2 - 0% - 40%
44 Defense
1 - 0% - 60%
2 - 0% - 40%
Last Minute Offensive  - 0:00
Last Minute Defensive  - 0:00
Total
Forward - 60:00
Defense - 60:00

Play-by-Play

1st period


0:01 of 1st period - Dylan Strome wins face-off versus Dominic Turgeon in neutral zone.
0:30 of 1st period - Snap shot by Michael McLeod.
0:30 of 1st period - Stopped by Eamon McAdam with a rebound.
0:32 of 1st period - Slapshot by Ludwig Bystrom.
0:32 of 1st period - Stopped by Eamon McAdam without a rebound.
0:33 of 1st period - Karson Kuhlman wins face-off versus Michael McLeod in Rocket zone.
1:20 of 1st period - Snap shot by Chase De Leo.
1:20 of 1st period - Shot Misses the Net.
1:45 of 1st period - Icing by Josh Mahura.
1:46 of 1st period - Dylan Strome wins face-off versus Luke Kunin in Moose zone.
2:11 of 1st period - Snap shot by Francis Perron.
2:11 of 1st period - Shot Misses the Net.
2:17 of 1st period - Snap shot by Mathieu Joseph.
2:17 of 1st period - Shot Blocked by Branden Troock.
2:19 of 1st period - Slapshot by Caleb Jones.
2:19 of 1st period - Shot Blocked by Andrei Mironov.
2:21 of 1st period - Slapshot by Caleb Jones.
2:21 of 1st period - Shot Blocked by Andrei Mironov.
2:42 of 1st period - Snap shot by Mathieu Joseph.
2:42 of 1st period - Shot Misses the Net.
2:44 of 1st period - Slapshot by Caleb Jones.
2:44 of 1st period - Shot Misses the Net.
2:54 of 1st period - Wrist shot by Nathan Walker.
2:54 of 1st period - Shot Blocked by Andrei Mironov.
2:56 of 1st period - Wrist shot by Josh Mahura.
2:56 of 1st period - Shot Blocked by Andrei Mironov.
2:58 of 1st period - Snap shot by Nathan Walker.
2:58 of 1st period - Stopped by Eamon McAdam with a rebound.
3:00 of 1st period - Snap shot by Mathieu Joseph.
3:00 of 1st period - Shot Misses the Net.
3:04 of 1st period - Wrist shot by Nathan Walker.
3:04 of 1st period - Stopped by Eamon McAdam without a rebound.
3:05 of 1st period - Dominic Turgeon wins face-off versus Michael McLeod in Rocket zone.
3:07 of 1st period - Minor Penalty to Viktor Loov for Tripping.
3:08 of 1st period - Michael McLeod wins face-off versus Dominic Turgeon in Rocket zone.
5:07 of 1st period - Penalty to Viktor Loov is over, Viktor Loov is back on ice.
5:11 of 1st period - Ludwig Bystrom is hit by Viktor Loov and loses puck.
5:32 of 1st period - Wrist shot by Viktor Loov.
5:32 of 1st period - Stopped by Filip Gustavsson with a rebound.
5:34 of 1st period - Wrist shot by Peter Holland.
5:34 of 1st period - Stopped by Filip Gustavsson without a rebound.
5:35 of 1st period - Karson Kuhlman wins face-off versus Jake Leschyshyn in Moose zone.
5:42 of 1st period - Snap shot by Karson Kuhlman.
5:42 of 1st period - Goal by Karson Kuhlman - Moose : 0 - Rocket : 1.
5:43 of 1st period - Michael McLeod wins face-off versus Dominic Turgeon in neutral zone.
6:15 of 1st period - Slapshot by Brandon Pirri.
6:15 of 1st period - Shot Blocked by Ludwig Bystrom.
6:17 of 1st period - Snap shot by Dominic Turgeon.
6:17 of 1st period - Shot Misses the Net.
6:19 of 1st period - Wrist shot by Adam Gaudette.
6:19 of 1st period - Stopped by Filip Gustavsson with a rebound.
6:21 of 1st period - Wrist shot by Adam Gaudette.
6:21 of 1st period - Shot Misses the Net.
6:23 of 1st period - Slapshot by Dean Kukan.
6:23 of 1st period - Stopped by Filip Gustavsson without a rebound.
6:24 of 1st period - Peter Holland wins face-off versus Michael McLeod in Moose zone.
6:25 of 1st period - Snap shot by Scott Wilson.
6:25 of 1st period - Shot Misses the Net.
6:28 of 1st period - Icing by Nikolay Goldobin.
6:29 of 1st period - Sergey Tolchinsky wins face-off versus Michael McLeod in Moose zone.
6:42 of 1st period - Snap shot by Vinni Lettieri.
6:42 of 1st period - Stopped by Eamon McAdam without a rebound.
6:43 of 1st period - Sergey Tolchinsky wins face-off versus Nikolay Goldobin in Rocket zone.
6:56 of 1st period - Wrist shot by Scott Wilson.
6:56 of 1st period - Shot Blocked by Nikolay Goldobin.
7:13 of 1st period - Slapshot by Matthew Benning.
7:13 of 1st period - Shot Blocked by Dean Kukan.
7:35 of 1st period - Wrist shot by Dylan Strome.
7:35 of 1st period - Goal by Dylan Strome - Moose : 1 - Rocket : 1.
7:36 of 1st period - Michael McLeod wins face-off versus Peter Holland in neutral zone.
7:41 of 1st period - Wrist shot by Nikolay Goldobin.
7:41 of 1st period - Shot Blocked by Andrey Pedan.
7:51 of 1st period - Slapshot by Peter Holland.
7:51 of 1st period - Stopped by Filip Gustavsson with a rebound.
8:10 of 1st period - Viktor Loov is hit by Ludwig Bystrom and loses puck.
9:15 of 1st period - Juuso Valimaki is hit by Andrei Mironov.
9:35 of 1st period - Off-side.
9:36 of 1st period - Dylan Strome wins face-off versus Dominic Turgeon in neutral zone.
9:40 of 1st period - Minor Penalty to Brandon Pirri for Tripping.
9:41 of 1st period - Dominic Turgeon wins face-off versus Dylan Strome in Rocket zone.
10:58 of 1st period - Off-side.
10:59 of 1st period - Dylan Strome wins face-off versus Karson Kuhlman in neutral zone.
11:40 of 1st period - Penalty to Brandon Pirri is over, Brandon Pirri is back on ice.
12:34 of 1st period - Slapshot by Dylan DeMelo.
12:34 of 1st period - Shot Blocked by Josh Mahura.
12:36 of 1st period - Wrist shot by Francis Perron.
12:36 of 1st period - Shot Blocked by Josh Mahura.
13:04 of 1st period - Josh Mahura is hit by Peter Holland and loses puck.
13:24 of 1st period - Michael McLeod is hit by Brandon Pirri and loses puck.
13:45 of 1st period - Dean Kukan is hit by Vinni Lettieri.
13:51 of 1st period - Michael McLeod is hit by Viktor Loov and loses puck.
14:22 of 1st period - Slapshot by Ludwig Bystrom.
14:22 of 1st period - Stopped by Eamon McAdam with a rebound.
14:24 of 1st period - Slapshot by Erik Cernak.
14:24 of 1st period - Shot Blocked by Sergey Tolchinsky.
14:26 of 1st period - Slapshot by Ludwig Bystrom.
14:26 of 1st period - Stopped by Eamon McAdam with a rebound.
15:20 of 1st period - Brandon Pirri is hit by Vinni Lettieri and loses puck.
15:42 of 1st period - Chase De Leo is hit by Luke Kunin and loses puck.
16:07 of 1st period - Wrist shot by Dylan Strome.
16:07 of 1st period - Shot Misses the Net.
16:27 of 1st period - Snap shot by Brandon Pirri.
16:27 of 1st period - Stopped by Filip Gustavsson without a rebound.
16:28 of 1st period - Dominic Turgeon wins face-off versus Michael McLeod in Moose zone.
16:53 of 1st period - Ludwig Bystrom is hit by Andrey Pedan and loses puck.
16:57 of 1st period - Icing by Ludwig Bystrom.
16:58 of 1st period - Dylan Strome wins face-off versus Karson Kuhlman in Moose zone.
17:05 of 1st period - Backhand shot by Nathan Walker.
17:05 of 1st period - Goal by Nathan Walker - Moose : 2 - Rocket : 1.
17:06 of 1st period - Dylan Strome wins face-off versus Dominic Turgeon in neutral zone.
17:15 of 1st period - Mathieu Joseph is hit by Viktor Loov and loses puck.
17:32 of 1st period - Nathan Walker is hit by Viktor Loov and loses puck.
17:57 of 1st period - Snap shot by Nikolay Goldobin.
17:57 of 1st period - Stopped by Eamon McAdam with a rebound.
18:51 of 1st period - Snap shot by Adam Gaudette.
18:51 of 1st period - Shot Misses the Net.
19:29 of 1st period - Slapshot by Sergey Tolchinsky.
19:29 of 1st period - Goal by Sergey Tolchinsky - Moose : 2 - Rocket : 2.
19:30 of 1st period - Peter Holland wins face-off versus Dylan Strome in neutral zone.
19:33 of 1st period - Snap shot by Viktor Loov.
19:33 of 1st period - Shot Blocked by Mathieu Joseph.
19:35 of 1st period - Snap shot by Viktor Loov.
19:35 of 1st period - Deflect By Peter Holland.
19:35 of 1st period - Shot Misses the Net.
19:35 of 1st period - Puck is out of play.
19:36 of 1st period - Peter Holland wins face-off versus Dylan Strome in Moose zone.
19:37 of 1st period - Snap shot by Sergey Tolchinsky.
19:37 of 1st period - Shot Misses the Net.
19:43 of 1st period - Snap shot by Peter Holland.
19:43 of 1st period - Shot Blocked by Erik Cernak.
19:57 of 1st period - Dean Kukan is hit by Mathieu Joseph and loses puck.
Goals for this period are 2 for Moose vs 2 for Rocket.
Shots for this period are 10 for Moose vs 8 for Rocket.

2nd period


0:01 of 2nd period - Dylan Strome wins face-off versus Dominic Turgeon in neutral zone.
0:04 of 2nd period - Dominic Turgeon is hit by Dylan Strome and loses puck.
0:12 of 2nd period - Off-side.
0:13 of 2nd period - Dylan Strome wins face-off versus Adam Gaudette in neutral zone.
0:20 of 2nd period - Wrist shot by Nathan Walker.
0:20 of 2nd period - Shot Blocked by Adam Gaudette.
0:26 of 2nd period - Wrist shot by Dominic Turgeon.
0:26 of 2nd period - Shot Misses the Net.
0:28 of 2nd period - Snap shot by Dominic Turgeon.
0:28 of 2nd period - Deflect By Adam Gaudette.
0:28 of 2nd period - Stopped by Filip Gustavsson without a rebound.
0:29 of 2nd period - Michael McLeod wins face-off versus Peter Holland in Moose zone.
0:38 of 2nd period - Snap shot by Nikolay Goldobin.
0:38 of 2nd period - Stopped by Eamon McAdam without a rebound.
0:39 of 2nd period - Sergey Tolchinsky wins face-off versus Michael McLeod in Rocket zone.
0:54 of 2nd period - Sergey Tolchinsky is hit by Vinni Lettieri and loses puck.
1:15 of 2nd period - Snap shot by Nikolay Goldobin.
1:15 of 2nd period - Stopped by Eamon McAdam with a rebound.
1:17 of 2nd period - Snap shot by Nikolay Goldobin.
1:17 of 2nd period - Shot Misses the Net.
1:19 of 2nd period - Wrist shot by Vinni Lettieri.
1:19 of 2nd period - Goal by Vinni Lettieri - Moose : 3 - Rocket : 2.
1:20 of 2nd period - Dylan Strome wins face-off versus Dominic Turgeon in neutral zone.
1:35 of 2nd period - Off-side.
1:36 of 2nd period - Michael McLeod wins face-off versus Peter Holland in neutral zone.
1:43 of 2nd period - Slapshot by Nikolay Goldobin.
1:43 of 2nd period - Deflect By Michael McLeod.
1:43 of 2nd period - Stopped by Eamon McAdam without a rebound.
1:44 of 2nd period - Michael McLeod wins face-off versus Peter Holland in Rocket zone.
2:13 of 2nd period - Slapshot by Dean Kukan.
2:13 of 2nd period - Shot Hit the Post.
2:15 of 2nd period - Backhand shot by Dominic Turgeon.
2:15 of 2nd period - Shot Blocked by Dylan Strome.
2:17 of 2nd period - Wrist shot by Dominic Turgeon.
2:17 of 2nd period - Shot Blocked by Ludwig Bystrom.
2:19 of 2nd period - Snap shot by Dominic Turgeon.
2:19 of 2nd period - Stopped by Filip Gustavsson without a rebound.
2:20 of 2nd period - Dominic Turgeon wins face-off versus Nikolay Goldobin in Moose zone.
2:35 of 2nd period - Wrist shot by Adam Gaudette.
2:35 of 2nd period - Shot Blocked by Nikolay Goldobin.
2:37 of 2nd period - Slapshot by Andrey Pedan.
2:37 of 2nd period - Shot Blocked by Juuso Valimaki.
2:37 of 2nd period - Juuso Valimaki from Moose is injured at 2:37 of 2nd period (Lacerated Right Calf).
2:38 of 2nd period - Dominic Turgeon wins face-off versus Dylan Strome in Moose zone.
3:05 of 2nd period - Scott Wilson is hit by Erik Cernak and loses puck.
3:28 of 2nd period - Slapshot by Andrei Mironov.
3:28 of 2nd period - Stopped by Filip Gustavsson with a rebound.
3:30 of 2nd period - Snap shot by Karson Kuhlman.
3:30 of 2nd period - Shot Misses the Net.
3:32 of 2nd period - Snap shot by Jakob Lilja.
3:32 of 2nd period - Shot Misses the Net.
4:53 of 2nd period - Wrist shot by Karson Kuhlman.
4:53 of 2nd period - Shot Blocked by Matthew Benning.
4:55 of 2nd period - Slapshot by Karson Kuhlman.
4:55 of 2nd period - Stopped by Filip Gustavsson without a rebound.
4:56 of 2nd period - Dylan Strome wins face-off versus Dominic Turgeon in Moose zone.
5:03 of 2nd period - Wrist shot by Mathieu Joseph.
5:03 of 2nd period - Stopped by Eamon McAdam with a rebound.
5:11 of 2nd period - Snap shot by Brandon Pirri.
5:11 of 2nd period - Stopped by Filip Gustavsson with a rebound.
5:30 of 2nd period - Vinni Lettieri is hit by Scott Wilson and loses puck.
5:48 of 2nd period - Jake Leschyshyn is hit by Jakob Lilja and loses puck.
6:20 of 2nd period - Icing by Viktor Loov.
6:21 of 2nd period - Dylan Strome wins face-off versus Luke Kunin in Rocket zone.
6:30 of 2nd period - Wrist shot by Mathieu Joseph.
6:30 of 2nd period - Goal by Mathieu Joseph - Moose : 4 - Rocket : 2.
6:30 of 2nd period - Jamie Phillips enters game.
6:31 of 2nd period - Brandon Pirri wins face-off versus Dylan Strome in neutral zone.
6:47 of 2nd period - Minor Penalty to Erik Cernak for Hooking.
6:48 of 2nd period - Dominic Turgeon wins face-off versus Dylan Strome in Moose zone.
6:50 of 2nd period - Snap shot by Adam Gaudette.
6:50 of 2nd period - Goal by Adam Gaudette - Moose : 4 - Rocket : 3.
6:51 of 2nd period - Dylan Strome wins face-off versus Adam Gaudette in neutral zone.
7:04 of 2nd period - Backhand shot by Dylan Strome.
7:04 of 2nd period - Shot Misses the Net.
7:06 of 2nd period - Wrist shot by Nathan Walker.
7:06 of 2nd period - Stopped by Jamie Phillips with a rebound.
7:08 of 2nd period - Snap shot by Mathieu Joseph.
7:08 of 2nd period - Shot Blocked by Dean Kukan.
7:14 of 2nd period - Minor Penalty to Viktor Loov for Tripping.
7:15 of 2nd period - Dylan Strome wins face-off versus Dominic Turgeon in Rocket zone.
8:21 of 2nd period - Off-side.
8:22 of 2nd period - Dylan Strome wins face-off versus Peter Holland in neutral zone.
8:46 of 2nd period - Dean Kukan is hit by Vinni Lettieri.
9:14 of 2nd period - Penalty to Viktor Loov is over, Viktor Loov is back on ice.
9:28 of 2nd period - Wrist shot by Boris Katchouk.
9:28 of 2nd period - Stopped by Jamie Phillips with a rebound.
9:32 of 2nd period - Wrist shot by Boris Katchouk.
9:32 of 2nd period - Stopped by Jamie Phillips with a rebound.
9:53 of 2nd period - Kieffer Bellows is hit by JC Lipon and loses puck.
10:28 of 2nd period - Snap shot by Nathan Walker.
10:28 of 2nd period - Shot Misses the Net.
10:36 of 2nd period - Erik Cernak is hit by Francis Perron.
11:08 of 2nd period - Adam Gaudette is hit by Matthew Benning and loses puck.
11:27 of 2nd period - Jack Glover is hit by Michael McLeod.
12:04 of 2nd period - Nathan Walker is hit by Viktor Loov and loses puck.
12:28 of 2nd period - Jake Leschyshyn is hit by JC Lipon and loses puck.
12:44 of 2nd period - Icing by Ludwig Bystrom.
12:45 of 2nd period - Peter Holland wins face-off versus Michael McLeod in Moose zone.
12:48 of 2nd period - Snap shot by Sergey Tolchinsky.
12:48 of 2nd period - Stopped by Filip Gustavsson without a rebound.
12:49 of 2nd period - Peter Holland wins face-off versus Michael McLeod in Moose zone.
12:54 of 2nd period - Snap shot by Peter Holland.
12:54 of 2nd period - Stopped by Filip Gustavsson with a rebound.
12:56 of 2nd period - Minor Penalty to Caleb Jones for Tripping.
12:57 of 2nd period - Dominic Turgeon wins face-off versus Dylan Strome in Moose zone.
13:46 of 2nd period - Matthew Benning is hit by Andrei Mironov and loses puck.
14:27 of 2nd period - Ludwig Bystrom is hit by Dean Kukan and loses puck.
14:44 of 2nd period - Josh Mahura is hit by Scott Wilson and loses puck.
14:56 of 2nd period - Penalty to Caleb Jones is over, Caleb Jones is back on ice.
15:09 of 2nd period - Jack Glover is hit by Boris Katchouk and loses puck.
15:37 of 2nd period - Snap shot by Francis Perron.
15:37 of 2nd period - Stopped by Filip Gustavsson with a rebound.
15:39 of 2nd period - Slapshot by Jack Glover.
15:39 of 2nd period - Shot Blocked by Erik Cernak.
15:41 of 2nd period - Snap shot by Branden Troock.
15:41 of 2nd period - Goal by Branden Troock - Moose : 4 - Rocket : 4.
15:42 of 2nd period - Dylan Strome wins face-off versus Dominic Turgeon in neutral zone.
15:49 of 2nd period - Wrist shot by Nathan Walker.
15:49 of 2nd period - Deflect By Dylan Strome.
15:49 of 2nd period - Shot Misses the Net.
15:49 of 2nd period - Puck is out of play.
15:50 of 2nd period - Dylan Strome wins face-off versus Dominic Turgeon in Rocket zone.
16:19 of 2nd period - Wrist shot by Brandon Pirri.
16:19 of 2nd period - Stopped by Filip Gustavsson with a rebound.
16:21 of 2nd period - Backhand shot by Adam Gaudette.
16:21 of 2nd period - Stopped by Filip Gustavsson without a rebound.
16:22 of 2nd period - Michael McLeod wins face-off versus Peter Holland in Moose zone.
16:35 of 2nd period - Snap shot by Sergey Tolchinsky.
16:35 of 2nd period - Goal by Sergey Tolchinsky - Moose : 4 - Rocket : 5.
16:36 of 2nd period - Dylan Strome wins face-off versus Dominic Turgeon in neutral zone.
16:38 of 2nd period - Minor Penalty to Mathieu Joseph for Slashing.
16:39 of 2nd period - Dylan Strome wins face-off versus Dominic Turgeon in Moose zone.
16:39 of 2nd period - Dylan Strome is hit by Brandon Pirri.
16:48 of 2nd period - Wrist shot by Adam Gaudette.
16:48 of 2nd period - Stopped by Filip Gustavsson without a rebound.
16:49 of 2nd period - Dominic Turgeon wins face-off versus Dylan Strome in Moose zone.
16:56 of 2nd period - Snap shot by Adam Gaudette.
16:56 of 2nd period - Shot Misses the Net.
17:20 of 2nd period - Slapshot by Adam Gaudette.
17:20 of 2nd period - Stopped by Filip Gustavsson without a rebound.
17:21 of 2nd period - Peter Holland wins face-off versus Dylan Strome in Moose zone.
17:36 of 2nd period - Wrist shot by Sergey Tolchinsky.
17:36 of 2nd period - Stopped by Filip Gustavsson without a rebound.
17:37 of 2nd period - Dominic Turgeon wins face-off versus Dylan Strome in Moose zone.
17:42 of 2nd period - Snap shot by Dominic Turgeon.
17:42 of 2nd period - Deflect By Brandon Pirri.
17:42 of 2nd period - Stopped by Filip Gustavsson with a rebound.
17:50 of 2nd period - Snap shot by Dominic Turgeon.
17:50 of 2nd period - Shot Misses the Net.
18:38 of 2nd period - Penalty to Mathieu Joseph is over, Mathieu Joseph is back on ice.
19:17 of 2nd period - Slapshot by Francis Perron.
19:17 of 2nd period - Stopped by Filip Gustavsson with a rebound.
19:41 of 2nd period - Slapshot by Brandon Pirri.
19:41 of 2nd period - Stopped by Filip Gustavsson with a rebound.
19:53 of 2nd period - Peter Holland is hit by Dylan Strome and loses puck.
Goals for this period are 2 for Moose vs 3 for Rocket.
Shots for this period are 9 for Moose vs 19 for Rocket.

3rd period


0:01 of 3rd period - Dylan Strome wins face-off versus Dominic Turgeon in neutral zone.
0:09 of 3rd period - Wrist shot by Dylan Strome.
0:09 of 3rd period - Goal by Dylan Strome - Moose : 5 - Rocket : 5.
0:10 of 3rd period - Dominic Turgeon wins face-off versus Nathan Walker in neutral zone.
0:17 of 3rd period - Wrist shot by Adam Gaudette.
0:17 of 3rd period - Shot Blocked by Ludwig Bystrom.
0:19 of 3rd period - Wrist shot by Adam Gaudette.
0:19 of 3rd period - Shot Misses the Net.
0:21 of 3rd period - Slapshot by Viktor Loov.
0:21 of 3rd period - Stopped by Filip Gustavsson with a rebound.
0:27 of 3rd period - Wrist shot by Brandon Pirri.
0:27 of 3rd period - Shot Blocked by Ludwig Bystrom.
0:46 of 3rd period - Snap shot by Nathan Walker.
0:46 of 3rd period - Shot Blocked by JC Lipon.
0:48 of 3rd period - Snap shot by Nathan Walker.
0:48 of 3rd period - Shot Misses the Net.
0:50 of 3rd period - Wrist shot by Dylan Strome.
0:50 of 3rd period - Stopped by Jamie Phillips with a rebound.
0:52 of 3rd period - Slapshot by Caleb Jones.
0:52 of 3rd period - Shot Blocked by Dean Kukan.
0:54 of 3rd period - Snap shot by Caleb Jones.
0:54 of 3rd period - Shot Blocked by Viktor Loov.
0:56 of 3rd period - Snap shot by Nathan Walker.
0:56 of 3rd period - Stopped by Jamie Phillips without a rebound.
0:57 of 3rd period - Dominic Turgeon wins face-off versus Michael McLeod in Rocket zone.
0:57 of 3rd period - Dominic Turgeon is hit by Michael McLeod.
1:12 of 3rd period - Icing by Nikolay Goldobin.
1:13 of 3rd period - Michael McLeod wins face-off versus Peter Holland in Moose zone.
1:26 of 3rd period - Minor Penalty to Ludwig Bystrom for Cross-checking.
1:27 of 3rd period - Dylan Strome wins face-off versus Brandon Pirri in Moose zone.
1:35 of 3rd period - Snap shot by Adam Gaudette.
1:35 of 3rd period - Stopped by Filip Gustavsson with a rebound.
3:26 of 3rd period - Penalty to Ludwig Bystrom is over, Ludwig Bystrom is back on ice.
3:31 of 3rd period - Jake Leschyshyn is hit by Scott Wilson and loses puck.
3:42 of 3rd period - Wrist shot by Chase De Leo.
3:42 of 3rd period - Shot Blocked by Karson Kuhlman.
4:05 of 3rd period - Slapshot by Josh Mahura.
4:05 of 3rd period - Shot Blocked by Jack Glover.
4:17 of 3rd period - Max Jones is hit by Luke Kunin.
5:43 of 3rd period - Karson Kuhlman is hit by Vinni Lettieri and loses puck.
6:05 of 3rd period - Jakob Lilja is hit by Max Jones and loses puck.
6:47 of 3rd period - Julien Gauthier is hit by Peter Holland.
7:29 of 3rd period - Nikolay Goldobin is hit by Brandon Pirri and loses puck.
7:36 of 3rd period - Snap shot by Dominic Turgeon.
7:36 of 3rd period - Deflect By Brandon Pirri.
7:36 of 3rd period - Shot Misses the Net.
7:36 of 3rd period - Puck is out of play.
7:37 of 3rd period - Dylan Strome wins face-off versus Dominic Turgeon in Moose zone.
7:42 of 3rd period - Snap shot by Dominic Turgeon.
7:42 of 3rd period - Stopped by Filip Gustavsson without a rebound.
7:43 of 3rd period - Dylan Strome wins face-off versus Dominic Turgeon in Moose zone.
7:43 of 3rd period - Dylan Strome is hit by Dominic Turgeon.
8:05 of 3rd period - Dominic Turgeon is hit by Dylan Strome and loses puck.
8:33 of 3rd period - Slapshot by Nathan Walker.
8:33 of 3rd period - Shot Misses the Net.
8:37 of 3rd period - Wrist shot by Nathan Walker.
8:37 of 3rd period - Shot Misses the Net.
8:39 of 3rd period - Wrist shot by Nathan Walker.
8:39 of 3rd period - Shot Misses the Net.
8:41 of 3rd period - Backhand shot by Nathan Walker.
8:41 of 3rd period - Stopped by Jamie Phillips with a rebound.
9:01 of 3rd period - Wrist shot by Nathan Walker.
9:01 of 3rd period - Shot Hit the Post.
9:03 of 3rd period - Snap shot by Dylan Strome.
9:03 of 3rd period - Deflect By Mathieu Joseph.
9:03 of 3rd period - Stopped by Jamie Phillips with a rebound.
9:05 of 3rd period - Wrist shot by Dylan Strome.
9:05 of 3rd period - Shot Misses the Net.
9:07 of 3rd period - Slapshot by Nathan Walker.
9:07 of 3rd period - Stopped by Jamie Phillips without a rebound.
9:08 of 3rd period - Michael McLeod wins face-off versus Peter Holland in Rocket zone.
9:23 of 3rd period - Snap shot by Michael McLeod.
9:23 of 3rd period - Stopped by Jamie Phillips with a rebound.
9:29 of 3rd period - Minor Penalty to Sergey Tolchinsky for Hooking.
9:30 of 3rd period - Peter Holland wins face-off versus Michael McLeod in Rocket zone.
9:30 of 3rd period - Peter Holland is hit by Nikolay Goldobin.
9:59 of 3rd period - Michael McLeod is hit by Dean Kukan and loses puck.
11:14 of 3rd period - Karson Kuhlman is hit by Julien Gauthier.
11:23 of 3rd period - Viktor Loov is hit by Julien Gauthier and loses puck.
11:29 of 3rd period - Penalty to Sergey Tolchinsky is over, Sergey Tolchinsky is back on ice.
12:05 of 3rd period - Icing by Erik Cernak.
12:06 of 3rd period - Michael McLeod wins face-off versus Karson Kuhlman in Moose zone.
12:25 of 3rd period - Wrist shot by Brandon Pirri.
12:25 of 3rd period - Stopped by Filip Gustavsson without a rebound.
12:26 of 3rd period - Chase De Leo wins face-off versus Dominic Turgeon in Moose zone.
13:01 of 3rd period - Snap shot by Mathieu Joseph.
13:01 of 3rd period - Shot Misses the Net.
13:17 of 3rd period - Icing by Sergey Tolchinsky.
13:18 of 3rd period - Michael McLeod wins face-off versus Peter Holland in Rocket zone.
13:26 of 3rd period - Minor Penalty to Scott Wilson for Hooking.
13:27 of 3rd period - Dylan Strome wins face-off versus Dominic Turgeon in Rocket zone.
14:38 of 3rd period - Peter Holland is hit by Nikolay Goldobin and loses puck.
15:08 of 3rd period - Peter Holland is hit by Caleb Jones and loses puck.
15:26 of 3rd period - Penalty to Scott Wilson is over, Scott Wilson is back on ice.
15:48 of 3rd period - Minor Penalty to Erik Cernak for Tripping.
15:49 of 3rd period - Dominic Turgeon wins face-off versus Dylan Strome in Moose zone.
15:51 of 3rd period - Snap shot by Brandon Pirri.
15:51 of 3rd period - Stopped by Filip Gustavsson without a rebound.
15:52 of 3rd period - Dylan Strome wins face-off versus Dominic Turgeon in Moose zone.
16:24 of 3rd period - Slapshot by Ludwig Bystrom.
16:24 of 3rd period - Stopped by Jamie Phillips with a rebound.
17:12 of 3rd period - Sergey Tolchinsky is hit by Nikolay Goldobin and loses puck.
17:31 of 3rd period - Dean Kukan is hit by Jake Leschyshyn and loses puck.
17:48 of 3rd period - Penalty to Erik Cernak is over, Erik Cernak is back on ice.
17:56 of 3rd period - Slapshot by Ludwig Bystrom.
17:56 of 3rd period - Stopped by Jamie Phillips with a rebound.
17:58 of 3rd period - Minor Penalty to JC Lipon for Hooking.
17:59 of 3rd period - Dylan Strome wins face-off versus Dominic Turgeon in Rocket zone.
18:46 of 3rd period - Viktor Loov is hit by Nathan Walker and loses puck.
19:58 of 3rd period - Penalty to JC Lipon is over, JC Lipon is back on ice.
Goals for this period are 1 for Moose vs 0 for Rocket.
Shots for this period are 9 for Moose vs 5 for Rocket.

Overtime #1


0:01 of 1st overtime period - Nathan Walker wins face-off versus Brandon Pirri in neutral zone.
0:16 of 1st overtime period - Snap shot by Mathieu Joseph.
0:16 of 1st overtime period - Deflect By Nathan Walker.
0:16 of 1st overtime period - Shot Misses the Net.
0:16 of 1st overtime period - Puck is out of play.
0:17 of 1st overtime period - Nathan Walker wins face-off versus Brandon Pirri in Rocket zone.
0:22 of 1st overtime period - Snap shot by Nathan Walker.
0:22 of 1st overtime period - Shot Misses the Net.
1:22 of 1st overtime period - Wrist shot by Peter Holland.
1:22 of 1st overtime period - Stopped by Filip Gustavsson with a rebound.
1:24 of 1st overtime period - Slapshot by Sergey Tolchinsky.
1:24 of 1st overtime period - Deflect By Peter Holland.
1:24 of 1st overtime period - Stopped by Filip Gustavsson with a rebound.
2:40 of 1st overtime period - Sergey Tolchinsky is hit by Matthew Benning and loses puck.
3:04 of 1st overtime period - Dylan Strome is hit by Scott Wilson and loses puck.
3:49 of 1st overtime period - Scott Wilson is hit by Vinni Lettieri and loses puck.
4:48 of 1st overtime period - Peter Holland is hit by Michael McLeod.
Goals for this period are 0 for Moose vs 0 for Rocket.
Shots for this period are 0 for Moose vs 2 for Rocket.

ShootOut


5:00 of 1st overtime period - Round #1.
5:00 of 1st overtime period - Moose, Nathan Walker.
5:00 of 1st overtime period - Wrist shot by Nathan Walker.
5:00 of 1st overtime period - Stopped by Jamie Phillips.
5:00 of 1st overtime period - Rocket, Adam Gaudette.
5:00 of 1st overtime period - Deke by Adam Gaudette.
5:00 of 1st overtime period - Shot Misses the Net.
5:00 of 1st overtime period - Round #2.
5:00 of 1st overtime period - Moose, Mathieu Joseph.
5:00 of 1st overtime period - Wrist shot by Mathieu Joseph.
5:00 of 1st overtime period - Goal by Mathieu Joseph.
5:00 of 1st overtime period - Rocket, Brandon Pirri.
5:00 of 1st overtime period - Wrist shot by Brandon Pirri.
5:00 of 1st overtime period - Goal by Brandon Pirri.
5:00 of 1st overtime period - Round #3.
5:00 of 1st overtime period - Moose, Nikolay Goldobin.
5:00 of 1st overtime period - Backhand shot by Nikolay Goldobin.
5:00 of 1st overtime period - Goal by Nikolay Goldobin.
5:00 of 1st overtime period - Rocket, Scott Wilson.
5:00 of 1st overtime period - Backhand shot by Scott Wilson.
5:00 of 1st overtime period - Stopped by Filip Gustavsson. Output by the SimonT Hockey Simulator (STHS) for Francois Prevost - Original Page W3C HTML5 Valid
Hockey Simulator - Hockey Simulation - Hockey Manager